 Dungeon Crawl Stone Soup version 0.28.0-53-g5a82cb258f (webtiles) character file.

Game seed: 11237906650805962497

9900 LustLizard the Prestidigitator (level 11, -1/68 HPs)
             Began as a Djinni Ice Elementalist on Aug 18, 2022.
             Was a Priest of Qazlal.
             Slain by a killer bee (4 damage)
             ... on level 9 of the Dungeon.
             The game lasted 00:34:12 (15913 turns).

LustLizard the Prestidigitator (DjIE)              Turns: 15913, Time: 00:34:13

Health: -1/68      AC:  6    Str: 12    XL:     11   Next: 83%
Gold:   458        EV: 15    Int: 19    God:    Qazlal [***...] SH:  4 Dex: 20

rFire   + + .      SeeInvis .   w - staff of cold
rCold   . . .      Faith    .   (no shield)
rNeg    . . .      Spirit   .   K - +0 ring mail of the Midnight Sun {Str+3 Dex+6}
rPois   ∞          Reflect  .   (no helmet)
rElec   .          Harm     .   p - +0 cloak
rCorr   .          Rampage  .   (no gloves)
Will    +....                   (boots unavailable)
Stlth   ++........              (no amulet)
HPRegen 0.21/turn               m - +4 ring of evasion
MPRegen 0.00/turn               (no ring)

@: marked, flying
A: sickness immunity, fire resistance 2, cold vulnerability 1, float, innate
caster, HP casting, extra vitality 1
a: Renounce Religion, Upheaval, Elemental Force


You were on level 9 of the Dungeon.
You worshipped Qazlal.
Qazlal was most pleased with you.
You visited 2 branches of the dungeon, and saw 11 of its levels.

You collected 458 gold pieces.

Inventory:

Hand Weapons
 q - a +2 quarterstaff of draining
 P - the +7 great mace "Undeadhunter" {disrupt, rN+}
   (You found it on level 8 of the Dungeon)

   It inflicts significantly more damage against the undead.
   rN:        It protects you from negative energy.
Missiles
 o - 2 boomerangs
 L - 26 poisoned darts
Armour
 p - a +0 cloak (worn)
 u - a +1 robe of willpower
 y - a +0 leather armour of fire resistance
 I - a +0 kite shield
 K - the +0 ring mail of the Midnight Sun (worn) {Str+3 Dex+6}
   (You found it on level 5 of the Dungeon)

   Str:       It affects your strength (+3).
   Dex:       It affects your dexterity (+6).
Magical Staves
 w - a staff of cold (weapon)
Jewellery
 m - a +4 ring of evasion (left hand)
Wands
 g - a wand of mindburst (13)
 n - a wand of paralysis (22)
 x - a wand of digging (10)
 D - a wand of iceblast (8)
 O - a wand of polymorph (12)
Scrolls
 a - 2 scrolls of identify
 b - a scroll of immolation {unknown}
 e - 3 scrolls of enchant armour {unknown}
 s - a scroll of enchant weapon {unknown}
 t - a scroll of fog
 A - 2 scrolls of brand weapon {unknown}
 G - a scroll of silence
 H - a scroll of teleportation
Potions
 d - a potion of lignification
 f - 2 potions of brilliance
 h - 2 potions of cancellation
 j - a potion of haste
 r - 4 potions of curing
 v - 3 potions of heal wounds
 C - a potion of invisibility
 E - 2 potions of mutation
 M - 2 potions of ambrosia


   Skills:
 - Level 2.1 Fighting
 * Level 1.2(3.3) Maces & Flails
 - Level 5.3(5.4) Staves
 - Level 2.7 Dodging
 - Level 4.0 Stealth
 * Level 6.9 Shields
 * Level 7.7 Spellcasting
 * Level 6.5 Invocations
 * Level 8.8 Evocations


You had one spell level left.
You knew the following spells:

 Your Spells              Type           Power      Damage    Failure   Level
a - Freeze                Ice            100%       1d11      1%          1
b - Frozen Ramparts       Ice            100%       1d12      2%          3
c - Ozocubu's Armour      Ice            53%        N/A       2%          3
d - Hailstorm             Conj/Ice       53%        3d12      9%          4
e - Sting                 Tmut/Pois      100%       1d8       1%          1
f - Blink                 Tloc           74%        N/A       1%          2
g - Stone Arrow           Conj/Erth      74%        3d11      2%          3
h - Lesser Beckoning      Tloc           37%        N/A       2%          3
i - Airstrike             Air            18%        N/A       9%          4
Your spell library was empty.

Dungeon Overview and Level Annotations

Branches:
Dungeon (10/15)            Temple (1/1) D:4
   Lair: D:8-11         Orc: D:9-12

Altars:
Ashenzari
Cheibriados
Dithmenos
Elyvilon
Fedhas
Gozag
Hepliaklqana
Kikubaaqudgha
Makhleb
Nemelex Xobeh
Okawaru
Qazlal
Ru
Sif Muna
Trog
Uskayaw
Vehumet
Wu Jian
Xom
Yredelemnul
Zin
The Shining One

Annotations:
D:9 Harold


Innate Abilities, Weirdness & Mutations

You are immune to sickness and miasma.
You are immune to poison.
Your flesh is very heat resistant. (rF++)
You are vulnerable to cold. (rC-)
You float through the air rather than walking.
You learn spells naturally, not from books.
Your magical power is your life essence.
You have superior vitality. (+4 MHP)


Message History

Confirm with . or Enter, or press ? or * to list all spells.
Casting: Hailstorm (dangerous; 9% risk of failure)
Press: ? - help, Dir - look around, f - activate You feel a surge of power!
A cannonade of hail descends around you!
The hail pelts Harold!
Harold is heavily wounded.
* * * LOW HITPOINT WARNING * * *
Harold fires a harpoon shot at you. The harpoon shot hits you!
* * * LOW HITPOINT WARNING * * *
You are yanked forward by the harpoon shot.
Casting: Hailstorm (dangerous; 9% risk of failure)
Confirm with . or Enter, or press ? or * to list all spells.
You can't see any susceptible monsters within range! (Use Z to cast anyway.) Unknown command.
Casting: Hailstorm (dangerous; 9% risk of failure)
Confirm with . or Enter, or press ? or * to list all spells.
You blink.
* * * LOW HITPOINT WARNING * * *
You feel stable enough to blink again.
There is an open door here.
There is an open door here.
Your magical contamination has completely faded away.
Harold throws a throwing net.
The throwing net closely misses you.
Harold points at you and mumbles some strange words.
A sentinel's mark forms upon you.
You see here a throwing net.
There is an open door here.
The killer bee barely misses you.
Harold points at you and mumbles some strange words.
The mark upon you grows brighter. The killer bee barely misses you.
The killer bee stings you.
* * * LOW HITPOINT WARNING * * *
The killer bee stings you.
* * * LOW HITPOINT WARNING * * *
The killer bee misses you.
There is an escape hatch in the ceiling here.
The killer bee stings you.
You die...

##..#...#@..## ##..#
##.#####....# ######'###
#....#..##'### #........#
#...##.......#####........#
#.###........'...#........#
####.......°..###.#..).....#
#######.......# #.'........'
#...○y..# ###........#
#....@..# #........#
######'## #........# ####.#
######'### #....# ##...#
#.#### #..### ####.#
###.#### #....# #......###
#####'####### #........#
#.#.........# #......#..


You could see a killer bee.

Vanquished Creatures
  A boulder beetle (D:8)
  2 hydras (D:8)
  A catoblepas (D:8)
  A centaur warrior (D:8)
  Pikel (D:4)
  Joseph (D:7)
  A gargoyle (D:8)
  A kobold demonologist (D:10)
  A hornet (D:9)
  2 slime creatures (D:8)
  A wyvern (D:8)
  A wraith (D:10)
  A yak (D:10)
  2 steam dragons
  Duvessa (D:4)
  4 water moccasins
  2 ice beasts
  4 orc warriors
  A sky beast (D:6)
  4 ogres
  A lemure (D:4)
  A centaur (D:10)
  A phantom (D:5)
  5 kobold brigands
  3 scorpions
  A bullfrog (D:9)
  A gnoll sergeant (D:5)
  A wyvern skeleton (D:7)
  Dowan (D:4)
  11 killer bees (D:9)
  An electric eel (D:6)
  3 howler monkeys
  3 centaur zombies
  A hound (D:5)
  A jelly (D:5)
  Crazy Yiuf (D:6)
  A gnoll shaman (D:6)
  7 orc priests
  2 bullfrog skeletons
  3 iron imps (D:9)
  Ijyb (D:3)
  Jessica (D:3)
  2 centaur skeletons
  2 iguanas
  7 orc wizards
  A killer bee zombie (D:7)
  A howler monkey zombie (D:8)
  A howler monkey skeleton (D:6)
  3 adders
  17 gnolls
  2 shadow imps
  An ufetubus (D:4)
  An adder skeleton (D:4)
  3 worms
  3 dart slugs
  18 orcs
  6 ball pythons
  10 bats
  5 endoplasms
  7 giant cockroaches
  13 goblins
  8 hobgoblins
  12 jackals
  2 quokkas (D:1)
  24 kobolds
  A rat (D:3)
234 creatures vanquished.

Vanquished Creatures (others)
  2 fungi (D:6)
  37 plants
39 creatures vanquished.

Grand Total: 273 creatures vanquished

Notes
Turn   | Place    | Note
-------+----------+-------------------------------------------
     0 | D:1      | LustLizard the Djinni Ice Elementalist began the quest for
                  | the Orb.
     0 | D:1      | Reached XP level 1. HP: 15/15 MP: 0/0
   162 | D:1      | Reached XP level 2. HP: 12/21 MP: 0/0
  1045 | D:1      | Reached XP level 3. HP: 25/25 MP: 0/0
  1045 | D:1      | Learned a level 1 spell: Sting
  1659 | D:2      | You are sucked into a shaft and drop 2 floors!
  1665 | D:4      | Noticed an ogre
  2124 | D:2      | Reached skill level 1 in Fighting
  2396 | D:3      | Reached XP level 4. HP: 21/32 MP: 0/0
  2597 | D:3      | Noticed Ijyb
  2680 | D:3      | Killed Ijyb
  3206 | D:3      | Noticed Jessica
  3212 | D:3      | Killed Jessica
  3213 | D:3      | Reached skill level 1 in Staves
  3213 | D:3      | Reached skill level 1 in Evocations
  3213 | D:3      | Reached XP level 5. HP: 34/37 MP: 0/0
  3213 | D:3      | Learned a level 2 spell: Blink
  4291 | D:4      | Reached XP level 6. HP: 33/43 MP: 0/0
  4565 | D:4      | Found a hide-covered altar of Uskayaw.
  4698 | D:4      | Found a staircase to the Ecumenical Temple.
  4716 | Temple   | Entered the Ecumenical Temple
  4808 | Temple   | Became a worshipper of Qazlal Stormbringer
  4892 | D:4      | Noticed Duvessa
  4911 | D:4      | Killed Duvessa
  4912 | D:4      | Reached skill level 2 in Evocations
  5101 | D:4      | Killed an ogre
  5102 | D:4      | Reached XP level 7. HP: 30/49 MP: 0/0
  5102 | D:4      | Learned a level 3 spell: Stone Arrow
  5334 | D:4      | Noticed Pikel
  5367 | D:4      | Noticed Dowan
  5383 | D:4      | Killed Pikel
  5384 | D:4      | Reached skill level 3 in Evocations
  5384 | D:4      | Reached XP level 8. HP: 38/54 MP: 0/0
  5394 | D:4      | Killed Dowan
  5395 | D:4      | Reached skill level 4 in Evocations
  5612 | D:4      | Found a bloodstained altar of Trog.
  5623 | D:4      | Found a hazy altar of Hepliaklqana.
  6051 | D:5      | Entered Level 5 of the Dungeon
  6194 | D:5      | Reached skill level 5 in Spellcasting
  6318 | D:5      | Found a basalt altar of Yredelemnul.
  6665 | D:5      | Reached XP level 9. HP: 35/58 MP: 0/0
  6665 | D:5      | Learned a level 3 spell: Lesser Beckoning
  6716 | D:5      | Reached * piety under Qazlal
  6856 | D:5      | Reached skill level 5 in Evocations
  6996 | D:5      | Identified the +0 ring mail of the Midnight Sun {Str+3
                  | Dex+6}
  7045 | D:5      | Reached skill level 1 in Shields
  7400 | D:5      | Found a blossoming altar of Fedhas.
  7401 | D:5      | Found a snail-covered altar of Cheibriados.
  7554 | D:6      | Reached skill level 5 in Staves
  7964 | D:6      | Found a white marble altar of Elyvilon.
  8205 | D:6      | Reached skill level 1 in Invocations
  8476 | D:6      | Reached skill level 6 in Evocations
  8850 | D:6      | Found a sparkling altar of Nemelex Xobeh.
  9236 | D:6      | Found a runed translucent door.
  9237 | D:6      | Noticed Crazy Yiuf
  9247 | D:6      | Killed Crazy Yiuf
  9500 | D:7      | Reached ** piety under Qazlal
  9625 | D:7      | Reached XP level 10. HP: 40/64 MP: 0/0
 10059 | D:7      | Found an ornate altar of the Wu Jian Council.
 10488 | D:7      | Noticed Joseph
 10879 | D:8      | Noticed a centaur warrior
 10885 | D:8      | Killed a centaur warrior
 10886 | D:8      | Reached skill level 7 in Evocations
 11061 | D:8      | Noticed a boulder beetle
 11068 | D:8      | Killed a boulder beetle
 11069 | D:8      | Reached skill level 5 in Shields
 11175 | D:8      | Noticed a seven-headed hydra
 11186 | D:8      | Killed a seven-headed hydra
 11492 | D:8      | Noticed a five-headed hydra
 11493 | D:8      | Found the +7 great mace "Undeadhunter" {disrupt, rN+}
 11735 | D:7      | Killed Joseph
 11736 | D:7      | Reached skill level 5 in Invocations
 11736 | D:7      | Reached XP level 11. HP: 30/68 MP: 0/0
 11736 | D:7      | Learned a level 4 spell: Airstrike
 12671 | D:8      | Killed a five-headed hydra
 12672 | D:8      | Reached skill level 8 in Evocations
 13258 | D:8      | Noticed a catoblepas
 13283 | D:8      | Killed a catoblepas
 13846 | D:9      | Reached *** piety under Qazlal
 14209 | D:9      | Found a burning altar of Makhleb.
 14631 | D:9      | Noticed Harold
 14640 | D:9      | Found a broken altar of Ashenzari.
 15364 | D:10     | Entered Level 10 of the Dungeon
 15514 | D:10     | Reached skill level 1 in Maces & Flails
 15911 | D:9      | HP: 3/68 [killer bee (1)]
 15913 | D:9      | Slain by a killer bee

Illustrated notes

Levels and vault maps discovered:
D:1:      nicolae_arrival_washed_ashore, layout_basic
D:2:      cheibrodos_old_hovel, layout_rooms, minmay_misc_feat_encased
D:3:      kennysheep_goblin_castle, layout_basic, uniq_jessica
D:4:      layout_rooms, nicolae_uskayaw_murder_on_the_dancefloor,
          mainiacjoe_overflow_large_starburst, temple_fountains, uniq_duvessa,
          uniq_pikel
D:5:      layout_loops_ring, mainiacjoe_overflow_24_doors,
          chequers_temple_overflow_statue_of_worship, nicolae_grassy_gnolls
D:6:      layout_basic, nemelex_diamond_rough_becter,
          nicolae_elyvilon_temple_path, mainiacjoe_overflow_six_doors_small,
          uniq_crazy_yiuf_cottage
D:7:      layout_gridville, kennysheep_mini_moat, uniq_joseph
D:8:      layout_basic, minmay_evil_grid
D:9:      layout_roguey, demons_altar, nicolae_ashenzari_skybound, uniq_harold
D:10:     layout_loops_ring, minmay_lair_entry_grove, nicolae_wwwww
Temple:   cyrus_temple_forest

Skill      XL: |  1  2  3  4  5  6  7  8  9 10 11 |
---------------+----------------------------------+-----
Stealth        | 2 3 4 |  4.0
Fighting       | 1 2 |  2.1
Staves         | 1 2 3 4 5 |  5.3
Evocations     | 1 2 3 4 6 7 8 |  8.8
Spellcasting   | 4 5 6 7 |  7.7
Shields        | 3 5 6 |  6.9
Invocations    | 2 5 6 |  6.5
Maces & Flails | 1 |  1.2
Dodging        | |  2.7

Action                   |  1- 3 |  4- 6 |  7- 9 | 10-12 || total
-------------------------+-------+-------+-------+-------++-------
Melee: Dagger            |     6 |       |       |       ||     6
       Staff             |    10 |   125 |   122 |    82 ||   339
       Quarterstaff      |     8 |       |       |       ||     8
       Whip              |     4 |       |       |       ||     4
       Punch             |       |     3 |     3 |     2 ||     8
 Cast: Freeze            |    57 |    32 |    10 |     2 ||   101
       Frozen Ramparts   |     1 |     7 |    19 |    25 ||    52
       Stone Arrow       |       |       |    83 |    88 ||   171
       Blink             |       |       |     1 |     4 ||     5
       Ozocubu's Armour  |       |       |       |    13 ||    13
       Airstrike         |       |       |       |    19 ||    19
       Hailstorm         |       |       |       |    13 ||    13
  Use: Scroll            |       |       |    10 |     7 ||    17
 Stab: Sleeping          |     6 |     4 |     1 |       ||    11
       Distracted        |       |       |     1 |       ||     1
Armor: Robe              |     9 |    43 |    14 |       ||    66
       Leather armour    |     3 |       |       |       ||     3
       Ring mail         |       |       |    26 |    44 ||    70
Dodge: Dodged            |    50 |   141 |   134 |   109 ||   434
Block: Other             |       |       |     6 |    18 ||    24
